AoeStats
← Red Calypso

Lombardia

509768363Analyzed
3v3 RM · 4d ago on Sep 27, 2026· 17m 42s· 6 players
Game mode
Random Map
Map size
Normal (6 player)
Population
200
Speed
Normal
Resources
Standard
Victory
Conquest
Starting age
Dark Age
Ending age
Imperial Age
RankedLock teamsTeams togetherTeam positionsShared explorationLock speedFull tech treeHidden civsTurbo modeCheats
Victory
Defeat
🇧🇷 Khmer · Brazil
1633
+7
🇧🇷 Mongols · Brazil
1567
+9
🇧🇷 Magyars · Brazil
1438
+14
🇺🇸 Hindustanis · United States
1436
-11
🇨🇦 Khmer · Canada
1402
-10
🇦🇹 Mongols · Austria
1387
-9
Ice2207
9:29 Loom
11:15 Feudal Age
16:54 Castle Age
GOAT Gobz
10:14 Feudal Age
8:34 Loom
10:27 Feudal Age
14:12 Castle Age
Red Calypso
2:29 Loom
9:16 Feudal Age
10:03 Double-Bit Axe
A0A_ Helos
6:34 Loom
9:09 Feudal Age
9:53 Double-Bit Axe
10:51 Horse Collar
15:55 Scale Barding Armor
A0A_Engs
10:10 Feudal Age
9:00 Loom
14:29 Castle Age
12:22 Double-Bit Axe
13:45 Fletching
14:16 Horse Collar
15:45 Bodkin Arrow
Marvin Saturnino
5:50 Loom
7:58 Feudal Age
8:31 Double-Bit Axe
15:34 Town Watch
17:53 Gold Mining
Connection lost

Rejoining the realm…

Still unreachable

The connection could not be restored.

Session expired

The server has moved on; the page needs a fresh start.